 BcadrenCrawl: Boulder Brew version 0.03.2.1-60-gf6a17aa475 (webtiles) character file.

Game seed: 4327567544864221392, levelgen mode: deterministic

106808 esc the Phalangite (level 15, -2/139 HPs) Minotaur Noble. Began on Feb 6, 2021. Was the Champion of the Shining One. Slain by an ettin ... wielding a cursed +1 dire flail of protection {(Curse: rC-)} (13 damage) ... on level 2 of the Orcish Mines. The game lasted 00:36:05 (10226 turns).

esc the Phalangite (Minotaur Noble)                Turns: 10226, Time: 00:36:06

Health: -2/139     AC: 28    Str: 21    XL:     15 ^: 679
Magic:  15/15      EV: 16    Int:  7    God:    the Shining One [6* [173]]
Gold:   3764       SH:  0    Dex: 20    Spells: 16/16 levels left

rFire    . . .     Vision   .   c - +8 scythe (elec)
rCold    + . .     Gourm    .   (also wielding the above weapon)
rNeg     + + +     Faith    .   h - +5 plate armour {Str+3}
rPois    .         Spirit   .   f - +0 hat {rC+}
rElec    +         Reflect  .   p - +2 cloak {soft}
rCorr    .         Harm     .   e - +0 pair of gloves {Dex+3}
MR       +....                  d - +0 pair of boots {Stlth+}
Stlth    ..........             F - amulet "Uffupl Umisi" {Acrobat rElec Slay+6}
HPRegen  0.56/turn              i - ring of slaying
MPRegen  0.25/turn              t - ring of evasion

@: slowed, glowing, very slow
A: retaliatory headbutt, horns 2
a: Divine Shield, Cleansing Flame, Summon Divine Warrior, Brand Weapon With Holy
Wrath, Renounce Religion


You were on level 2 of the Orcish Mines.
You worshipped the Shining One.
The Shining One was exalted by your worship.
You were hungry.

You visited 4 branches of the dungeon, and saw 15 of its levels.
You also visited: Bailey and Market.

You collected 3884 gold pieces.
You spent 1120 gold pieces at shops.

Inventory:

Weapons
 c - a +8 scythe of electrocution (weapon)
Armour
 d - a +0 pair of boots of stealth (worn)
 e - a +0 pair of gloves of dexterity (worn)
 f - a +0 hat of cold resistance (worn)
 h - a +5 plate armour of strength (worn)
 p - a +2 cloak of softness (worn)
Jewellery
 i - a ring of slaying (left hand)
 m - an uncursed ring of magical power
 t - a ring of evasion (right hand)
 v - a cursed ring of protection {(Curse: *Tele *Corrode)}
 A - the ring "Akeef" {Wiz rF++ rC- MR+ Str+3}
   (You took it off an orc warlord in a bailey)

   [ring of wizardry]

   It improves your spell success rate.
   It affects your strength (+3).
   It greatly protects you from fire.
   It makes you vulnerable to cold.
   It affects your resistance to hostile enchantments.
 C - an uncursed ring of protection from magic
 F - the amulet "Uffupl Umisi" (around neck) {Acrobat rElec Slay+6}
   (You acquired it on level 2 of the Lair of Beasts)

   [amulet of the acrobat]

   It helps you evade while moving and waiting.
   It affects your accuracy and damage with ranged weapons and melee attacks
   (+6).
   It insulates you from electricity.
 O - an uncursed amulet of the gourmand
Wands
 r - a wand of flame (19)
 x - a wand of iceblast (19)
 y - a wand of scattershot (2)
 D - a wand of clouds (6)
 H - a wand of disintegration (28)
 I - a wand of enslavement (10)
Scrolls
 g - 7 scrolls of blinking
 o - 9 scrolls of teleportation
 w - 3 scrolls of fog
 G - a scroll of fear
 J - 6 scrolls of magic mapping
 M - a scroll of holy word
Potions
 a - 3 potions of berserk rage
 j - 5 potions of ambrosia
 k - 8 potions of heal wounds
 l - 11 potions of curing
 n - a potion of cancellation
 s - 3 potions of might
 u - 4 potions of resistance
 B - 2 potions of magic
 K - 2 potions of haste
 L - 4 potions of agility
 N - 2 potions of mutation
Miscellaneous
 z - a box of beasts
 E - a phantom mirror
Comestibles
 b - 43 rations


   Skills:
 + Level 14.8 Fighting
 * Level 22.2 Polearms
 + Level 14.7 Armour
 - Level 3.0 Dodging
 - Level 0.7 Stealth
 - Level 1.0 Spellcasting


You had 16 spell levels left.
You didn't know any spells.
Your spell library contained the following spells:

 Spells                   Type           Power        Failure   Level  Hunger
 Summon Butterflies       Summ           0 (100)      80%         1    ##.....
 Call Canine Familiar     Summ           0 (100)      99%         3    ####...
 Cause Fear               Hex            0 (200)      100%        4    #####..
 Summon Ice Beast         Ice/Summ       0 (100)      100%        4    #####..
 Silence                  Hex/Air        0 (200)      100%        5    ######.
 Summon Mana Viper        Summ/Pois      0 (100)      100%        5    ######.
 Summon Spider Mount      Summ/Pois      0 (200)      100%        5    ######.
 Yara's Violent Unravell  Hex/Tmut       0 (200)      100%        5    ######.
 Deflect Missiles         Chrm/Air       0 (200)      100%        6    #######
 Discord                  Hex            0 (200)      100%        8    #######


Dungeon Overview and Level Annotations

Branches:
Dungeon (6/8)              Temple (1/1) D:4            Lair (6/6) D:5
 Shoals (0/4) Lair:2       Spider (0/4) Lair:2        Slime (0/5) Lair:5
    Orc (2/2) D:6          Bailey (visited)
    Elf: Orc:2

Altars:
Ashenzari
Elyvilon
Fedhas Madash
Gozag Ym Sagoz
Kikubaaqudgha
Makhleb
Nemelex Xobeh
Okawaru
Qazlal
Ru
Trog
Uskayaw
Xom
Yredelemnul
Zin
The Shining One
Beogh
Jiyva

Shops:
D:3 =   D:5 *

Portals:
Hell: Lair:6


Innate Abilities, Weirdness & Mutations

You reflexively headbutt those who attack you in melee.
You have a pair of horns on your head.


Message History

The explosion of boulder fragments engulfs the two-headed ogre but does no damage (0).
The two-headed ogre hits you with a +0 giant spiked club (14)!
The two-headed ogre misses you (0). The ogre mage misses you (0).
You hear a shout! x2
There is a stone staircase leading up, spattered with blood here.
You hear a shout! x4
The ettin hits you with a cursed +1 dire flail of protection {(Curse: rC-)} (5).
The ettin hits you with a cursed +2 dire flail of pain {(Curse: Fragile)} (15)!
The two-headed ogre hits you with a +0 giant spiked club (9)!
* * * LOW HITPOINT WARNING * * *
The two-headed ogre misses you (0). The ogre mage closely misses you (0).
The cyclops hurls a boulder.
The boulder bug you (26)!!
* * * LOW HITPOINT WARNING * * *
The boulder explodes!
The explosion of boulder fragments engulfs you but does no damage (0).
The explosion of boulder fragments engulfs the ettin but does no damage (0).
The explosion of boulder fragments engulfs the two-headed ogre (5).
The explosion of boulder fragments engulfs the two-headed ogre (4).
The ettin hits you with a cursed +1 dire flail of protection {(Curse: rC-)} (13)!
You die...

..< ... OO.# . ....+
#. #O...# ...
###.....#
....##########.)......
....C......OO.......^.
.$........@COO........
........†..O..........
...........[)$.$......
#..........)†.........
............[.....#...
..#...................
. ##.........$.......#
##...............#
....#...........


You could see an ettin, 2 two-headed ogres, an ogre mage, a cyclops and 3 ogres.

Vanquished Creatures
  Rupert (Lair:5)
  Circe (Lair:5)
  An orc warlord (Bailey)
  2 chaos butterflies (Lair:6)
  A mummy priest (Lair:1)
  Gammafunk (Lair:3)
  5 boulder beetles
  A catoblepas (Lair:4)
  2 swooping magpies (Lair:6)
  2 dire elephants (Lair:6)
  An unseen horror (D:6)
  4 two-headed ogres
  4 hydras
  A wizard (Lair:6)
  A sun demon (Lair:6)
  2 orc knights
  A death yak (Lair:6)
  An orc sorcerer (Orc:1)
  An oklob plant (Lair:4)
  9 giraffes
  5 black mambas
  A smoke demon (Lair:6)
  An ugly thing (D:6)
  12 elephants
  15 spiny frogs
  7 rime drakes
  2 wolf spiders (Lair:1)
  6 trolls
  3 orange demons (Lair:6)
  An ice devil (Lair:6)
  12 komodo dragons
  2 red devils (Lair:6)
  2 polar bears
  17 blink frogs
  7 dream sheep (Lair:6)
  A shadow (D:6)
  10 hippogriffs
  A cyclops (D:6)
  Menkaure (D:3)
  Grinder (D:3)
  14 wyverns
  7 hogs (Lair:5)
  4 basilisks
  31 yaks
  A guardian mummy (Lair:1)
  A redback (Lair:1)
  A warg (Orc:2)
  14 water moccasins
  18 orc warriors
  4 scorpions
  3 hell hounds (Lair:6)
  18 porcupines
  3 sky beasts (D:6)
  An ice beast (Lair:6)
  A black bear (D:5)
  An eye of draining (D:6)
  12 wolves
  8 ogres
  10 crocodiles
  A big kobold (D:6)
  31 bullfrogs
  A gnoll sergeant (D:5)
  4 centaurs
  A howler monkey (D:4)
  A quasit (D:5)
  6 wights
  A hornet zombie (D:4)
  A crimson imp (D:3)
  A gnoll shaman (D:5)
  12 orc priests
  3 hounds
  A jelly (D:2)
  2 orc wizards (D:5)
  Terence (D:2)
  3 iguanas
  14 hell rats
  2 worker ants
  3 giant cockroaches
  5 bullfrog zombies
  5 bullfrog skeletons
  6 adders
  11 gnolls
  25 sewer rats
  A white imp (D:4)
  2 worms (D:2)
  6 cinder newts
  A howler monkey skeleton (D:5)
  6 dart slugs (D:1)
  4 leopard geckos
  47 orcs
  2 ball pythons
  15 goblins
  4 hobgoblins
  7 jackals
  2 quokkas
  7 bats
  22 kobolds
  A quokka skeleton (D:2)
  3 rats (D:1)
  5 bushes
  A butterfly (D:4)
  17 fungi
  28 plants
623 creatures vanquished.

Vanquished Creatures (others)
  3 blink frogs (Lair:5)
  A bullfrog (Lair:5)
  A giant cockroach (D:2)
  A leopard gecko (D:2)
  14 fungi
  18 plants
  129 withered plants (D:2)
167 creatures vanquished.

Grand Total: 790 creatures vanquished

Notes
Turn   | Place    | Note
-------+----------+-------------------------------------------
     0 | Start Ma | esc the Minotaur Noble began the quest for the Orb.
     0 | Start Ma | Reached XP level 1. HP: 16/16 MP: 1/1
     0 | Start Ma | Found Orphu's Expert Tomes.
     5 | Start Ma | Found Vapauviw's Auxillary Armour.
    13 | Start Ma | Found Samot's Mashing MeleeMart.
    27 | Start Ma | Bought a +0 scythe for 120 gold pieces
    66 | Start Ma | Bought a +0 pair of boots for 135 gold pieces
    77 | Start Ma | Bought a +0 pair of gloves of dexterity for 230 gold pieces
    77 | Start Ma | Bought a +0 hat for 80 gold pieces
   103 | Start Ma | Bought a +0 cloak for 135 gold pieces
   111 | Start Ma | Bought a +5 plate armour of ponderousness for 300 gold
                  | pieces
   132 | D:1      | esc set off with the following items: a +0 robe, a ration,
                  | a +0 scythe, a +0 pair of boots, a +0 pair of gloves of
                  | dexterity, a +0 hat, a +0 cloak, a +5 plate armour of
                  | ponderousness
   152 | D:1      | Reached skill level 1 in Polearms
   161 | D:1      | Reached skill level 2 in Polearms
   161 | D:1      | Reached XP level 2. HP: 23/23 MP: 2/2
   163 | D:1      | Reached skill level 3 in Polearms
   278 | D:1      | Reached XP level 3. HP: 26/28 MP: 3/3
   353 | D:1      | Reached skill level 4 in Polearms
   463 | D:1      | Reached XP level 4. HP: 30/35 MP: 4/4
   932 | D:2      | Found a faded altar of an unknown god.
  1022 | D:2      | Reached skill level 1 in Armour
  1031 | D:2      | Reached XP level 5. HP: 42/42 MP: 5/5
  1033 | D:2      | Reached skill level 5 in Polearms
  1159 | D:2      | Noticed Terence
  1165 | D:2      | Killed Terence
  1189 | D:2      | Noticed a water moccasin
  1192 | D:2      | Killed a water moccasin
  1192 | D:2      | Reached XP level 6. HP: 51/51 MP: 6/6
  1474 | D:2      | Reached skill level 6 in Polearms
  2016 | D:3      | Found Cuneymp's Jewellery Boutique.
  2064 | D:3      | Reached XP level 7. HP: 59/59 MP: 7/7
  2119 | D:3      | Noticed Grinder
  2123 | D:3      | Killed Grinder
  2139 | D:3      | Noticed Menkaure
  2147 | D:3      | Killed Menkaure
  2147 | D:3      | Reached skill level 5 in Fighting
  2147 | D:3      | Reached skill level 7 in Polearms
  2225 | D:3      | Reached skill level 8 in Polearms
  2225 | D:3      | Reached skill level 5 in Armour
  2225 | D:3      | Reached XP level 8. HP: 62/69 MP: 8/8
  2709 | D:4      | Found a staircase to the Ecumenical Temple.
  2724 | Temple   | Entered the Ecumenical Temple
  2965 | Temple   | Became a worshipper of the Shining One
  3207 | D:4      | Identified a scroll of acquirement
  3207 | D:4      | Identified the +3 flail "Ysuifyaps" {protect, Dex+2}
  3220 | D:4      | Identified the +7 fustibalus "Qeall" {velocity, Int+4} (You
                  | acquired it on level 4 of the Dungeon)
  3302 | D:4      | Reached skill level 9 in Polearms
  3491 | D:4      | Found a sacrificial altar of Ru.
  3539 | D:5      | Entered Level 5 of the Dungeon
  3559 | D:5      | Reached skill level 1 in Dodging
  3648 | D:5      | Reached * piety under the Shining One
  3653 | D:5      | Reached XP level 9. HP: 72/78 MP: 7/9
  3654 | D:5      | Reached skill level 10 in Polearms
  3721 | D:5      | Identified the cursed +6 staff "Unaptit" {energy, poison;
                  | rPois Int+3, (Curse: *Drain)}
  3869 | D:5      | Found a staircase to the Lair.
  3898 | D:5      | Found a sparkling altar of Nemelex Xobeh.
  3903 | D:5      | Reached ** piety under the Shining One
  3907 | D:5      | Noticed a troll
  3912 | D:5      | Killed a troll
  3912 | D:5      | Reached skill level 11 in Polearms
  4042 | D:5      | Found Eciext's General Store.
  4050 | D:5      | Bought a potion of haste for 120 gold pieces
  4098 | D:5      | Noticed a two-headed ogre
  4103 | D:5      | Killed a two-headed ogre
  4103 | D:5      | Reached XP level 10. HP: 53/90 MP: 4/10
  4200 | D:6      | Reached skill level 12 in Polearms
  4273 | D:6      | Reached skill level 13 in Polearms
  4289 | D:6      | Noticed a two-headed ogre
  4291 | D:6      | Noticed an unseen horror
  4293 | D:6      | Killed an unseen horror
  4293 | D:6      | Killed a two-headed ogre
  4294 | D:6      | Reached skill level 10 in Fighting
  4295 | D:6      | Reached XP level 11. HP: 81/99 MP: 5/11
  4395 | D:6      | Reached skill level 10 in Armour
  4452 | D:6      | Reached *** piety under the Shining One
  4458 | D:6      | Reached skill level 14 in Polearms
  4460 | D:6      | Found a roughly hewn altar of Beogh.
  4460 | D:6      | Found a staircase to the Orcish Mines.
  4533 | D:6      | Noticed a two-headed ogre
  4537 | D:6      | Killed a two-headed ogre
  4731 | D:6      | Found a flagged portal.
  4739 | Bailey   | Entered a bailey
  4744 | Bailey   | Noticed an orc warlord
  4745 | Bailey   | Identified the ring "Akeef" {Wiz rF++ rC- MR+ Str+3}
  4789 | Bailey   | Found a runed translucent gate.
  4805 | Bailey   | Found a runed translucent gate.
  4807 | Bailey   | Found a runed translucent gate.
  4814 | Bailey   | Noticed an orc knight
  4831 | Bailey   | Killed an orc knight
  4977 | Bailey   | Killed an orc warlord
  4977 | Bailey   | Reached skill level 15 in Polearms
  5010 | Bailey   | Reached skill level 17 in Polearms
  5010 | Bailey   | Reached XP level 12. HP: 110/110 MP: 12/12
  5262 | Lair:1   | Entered Level 1 of the Lair of Beasts
  5634 | Lair:1   | Noticed a mummy priest
  5812 | Lair:1   | Killed a mummy priest
  5812 | Lair:1   | Reached XP level 13. HP: 113/116 MP: 13/13
  5999 | Lair:2   | Identified the amulet "Uffupl Umisi" {Acrobat rElec Slay+6}
                  | (You acquired it on level 2 of the Lair of Beasts)
  5999 | Lair:2   | Identified the +5 bardiche "Ruwoes" {acid, rPois rC- Int+3}
                  | (You acquired it on level 2 of the Lair of Beasts)
  6054 | Lair:2   | Reached skill level 18 in Polearms
  6202 | Lair:2   | Reached **** piety under the Shining One
  6364 | Lair:2   | Found a staircase to the Shoals.
  6486 | Lair:2   | Found a hole to the Spider Nest.
  7190 | Lair:3   | Reached skill level 19 in Polearms
  7294 | Lair:3   | Found a transporter.
  7296 | Lair:3   | Found a transporter.
  7297 | Lair:3   | Noticed Gammafunk
  7512 | Lair:3   | Killed Gammafunk
  7517 | Lair:3   | Reached skill level 20 in Polearms
  7517 | Lair:3   | Reached XP level 14. HP: 124/127 MP: 14/14
  7842 | Lair:4   | Reached ***** piety under the Shining One
  7872 | Lair:4   | Reached XP level 15. HP: 104/136 MP: 15/15
  8546 | Lair:5   | Noticed Circe
  8568 | Lair:5   | Noticed a sphinx
  8573 | Lair:5   | Killed Circe
  8573 | Lair:5   | Reached skill level 21 in Polearms
  8758 | Lair:5   | Found a staircase to the Slime Pits.
  8761 | Lair:5   | Found a viscous altar of Jiyva.
  8876 | Lair:5   | Noticed Rupert
  8886 | Lair:5   | Killed Rupert
  9095 | Lair:6   | Entered Level 6 of the Lair of Beasts
  9721 | Lair:6   | Found a burning altar of Makhleb.
  9721 | Lair:6   | Reached ****** piety under the Shining One
  9732 | Lair:6   | Reached skill level 22 in Polearms
  9740 | Lair:6   | Found a gateway to Hell.
 10021 | Orc:1    | Entered Level 1 of the Orcish Mines
 10204 | Orc:2    | Entered Level 2 of the Orcish Mines
 10226 | Orc:2    | Slain by an ettin

Levels and vault maps discovered:
D:1:      scummos_arrival_simple_fountains, layout_cave_pools, first_ration,
          serial_park_tiny_pond, chequers_serial_rivers_room_b,
          chequers_arboretum
D:2:      layout_sewer, chequers_ecumenical_altar_simple,
          minmay_fractal_squares_diagonal_5, uniq_terence
D:3:      layout_basic, serial_shops, shop, uniq_grinder, uniq_menkaure
D:4:      layout_loops_ring, nicolae_ru_path_of_blood, minmay_temple_entry_trees
D:5:      layout_basic, overflow_temple_1_default,
          grunt_lair_entry_orc_guard_hut, serial_shops, shop
D:6:      layout_cave_pools, david_orc_5, enter_bailey_7,
          bcadren_nooodl_food_pyramid
Temple:   eino_temple_water
Lair:1:   layout_hall_layers, chequers_ossuary_entry_cave
Lair:2:   layout_roguey, shoals_dummy_entry, spider_nest_entry_web_field,
          minmay_shattered_shrine
Lair:3:   layout_small_grid, uniq_gammafunk_teleport
Lair:4:   layout_roguey [special_room_mythical_zoo], st_stairs_11,
          nicolae_lair_grove_arrangements
Lair:5:   layout_long_grid, slime_island, uniq_rupert, uniq_circe
Lair:6:   evil_forest, layout_loops_ring, kennysheep_rathole
Orc:1:    nicolae_orc_accident_1, layout_caves
Orc:2:    grunt_orc_community_town_hall, layout_caves,
          grunt_orc_community_big_house_2, grunt_orc_community_big_house_2,
          grunt_orc_community_house_1, grunt_orc_community_house_2,
          grunt_orc_community_house_2, grunt_orc_community_house_3,
          grunt_orc_community_house_3, grunt_orc_community_house_1,
          serial_shops, shop

Skill      XL: |  1  2  3  4  5  6  7  8  9 10 11 12 13 14 15 |
---------------+----------------------------------------------+-----
Polearms       | 2 3 4 5 6 8 9 11 13 17 20 22 | 22.2
Armour         | 1 3 5 6 8 9 10 11 12 13 14 | 14.7
Fighting       | 2 3 4 5 6 8 10 11 12 13 14 | 14.8
Dodging        | 2 3 |  3.0
Stealth        | |  0.7
Spellcasting   | |  1.0

Action                   |  1- 3 |  4- 6 |  7- 9 | 10-12 | 13-15 || total
-------------------------+-------+-------+-------+-------+-------++-------
Melee: Scythe            |    45 |    50 |    95 |   121 |   316 ||   627
       Headbutt          |       |     1 |     7 |     7 |    23 ||    38
Throw: Stone             |       |       |       |     7 |       ||     7
       Skull             |       |       |       |     6 |       ||     6
       Rusty metal       |       |       |       |     1 |       ||     1
Invok: Divine Shield     |       |       |       |     1 |     1 ||     2
  Use: Scroll            |     2 |     3 |     4 |     4 |     4 ||    17
       Potion            |       |       |       |     1 |     1 ||     2
  Eat: Chunk             |       |     4 |     7 |     5 |    11 ||    27
       Ration            |       |       |       |     1 |       ||     1
Armor: Plate armour      |    29 |    15 |    38 |    32 |    72 ||   186
Dodge: Dodged            |     8 |    14 |    11 |    31 |    86 ||   150
Block: Other             |       |       |       |       |     3 ||     3
